 Dungeon Crawl Stone Soup version 0.28-a0-422-gd71735cc25 (webtiles) character file.

Game seed: 2960626778043051491

6 Teletubby the Vexing (level 1, 0/14 HPs)
             Began as a Vampire Enchanter on Sept 3, 2021.
             Slain by an adder skeleton (1 damage)
             ... on level 4 of the Dungeon on Sept 8, 2021.
             The game lasted 00:07:20 (296 turns).

Teletubby the Vexing (Vampire Enchanter)             Turns: 296, Time: 00:07:20

Health: 0/14       AC:  2    Str:  7    XL:     1   Next: 75%
Magic:  3/3        EV: 12    Int: 17    God:
Gold:   22         SH:  0    Dex: 14    Spells: 4/4 levels left

rFire   . . .      SeeInvis +   a - +1 dagger
rCold   . . .      Faith    .   (no shield)
rNeg    . . .      Spirit   .   b - +0 robe
rPois   .          Reflect  .   (no helmet)
rElec   .          Harm     .   (no cloak)
rCorr   .          Rampage  .   (no gloves)
Will    .....                   (no boots)
Stlth   +++.......              (no amulet)
HPRegen 0.24/turn               (no ring)
MPRegen 0.08/turn               (no ring)

@: healing quickly
A: alive, fangs 3, see invisible, vampiric 1
a: Exsanguinate


You were on level 4 of the Dungeon.
You visited 1 branch of the dungeon, and saw 4 of its levels.

You collected 22 gold pieces.

Inventory:

Hand Weapons
 a - a +1 dagger (weapon)
 f - a +0 club
Armour
 b - a +0 robe (worn)
 d - a +0 buckler
 e - a +0 robe
Jewellery
 g - a ring of fire
Potions
 c - a potion of invisibility
 h - a potion of haste {unknown}


   Skills:
 + Level 0.3 Fighting
 + Level 1.1 Short Blades
 + Level 2.3 Dodging
 + Level 4.5 Stealth
 + Level 2.0 Spellcasting
 + Level 4.6 Hexes


You had 4 spell levels left.
You didn't know any spells.
Your spell library contained the following spells:

 Spells                   Type           Power      Damage    Failure   Level
 Slow                     Hex            17%        N/A       4%          2
 Confusing Touch          Hex            17%        N/A       9%          3
 Tukima's Dance           Hex            17%        N/A       9%          3
 Ensorcelled Hibernation  Hex/Ice        18%        N/A       12%         2
 Dazzling Flash           Conj/Hex       18%        N/A       22%         3
 Vampiric Draining        Necr           0%         2d6       50%         3


Dungeon Overview and Level Annotations

Branches:
Dungeon (3/15)

Altars:

Portals:
Sewer: D:3

Annotations:
D:2 Sigmund


Innate Abilities, Weirdness & Mutations

Your natural rate of healing is accelerated.
You have razor-sharp teeth.
You have supernaturally acute eyesight. (SInv)
You are afflicted with vampirism.


Message History

* * * LOW HITPOINT WARNING * * *
An adder comes into view.
Sigmund breathes a few words.
Sigmund's hands start flickering wildly.
The quokka barely misses you.
A quokka comes into view.
A bat comes into view.
The bat moves out of view.
A frilled lizard comes into view.
An adder comes into view.
Found 23 stones.
The quokka barely misses you.
You fall into a shaft and drop 2 floors!
The shaft crumbles and collapses.
An adder skeleton comes into view.
Found a grey potion, 9 gold pieces, a ruby potion and a book of Conjurations.
Found a stone staircase leading down.
You see here a book of Conjurations.
You are now empty-handed.
Unknown command.
Really attack while wielding nothing? [Y]es or [N]o only, please.
Really attack while wielding nothing?
Okay, then.
a - a +1 dagger (weapon)
You hit the adder skeleton.
The adder skeleton is lightly damaged.
The adder skeleton bites you.
* * * LOW HITPOINT WARNING * * *
You hit the adder skeleton.
The adder skeleton is moderately damaged.
The adder skeleton bites you.
* * * LOW HITPOINT WARNING * * *
You hit the adder skeleton.
The adder skeleton is moderately damaged.
The adder skeleton bites you but does no damage.
The adder skeleton bites you.
* * * LOW HITPOINT WARNING * * *
You hit the adder skeleton. You bite the adder skeleton.
The adder skeleton is heavily damaged.
The adder skeleton bites you.
You die...

##### #...
#########.#
#.........#
#....@....#
#....Z....# .
#.........# .!.
#...$.....####.....
....................
###................!.
##.....#......###>.
#.....#........
#####.#......##.#


You could see an adder skeleton.

Vanquished Creatures
  A ball python (D:2)
  A bat (D:2)
  A goblin (D:2)
  A hobgoblin (D:3)
  A rat (D:2)
5 creatures vanquished.

Vanquished Creatures (others)
  26 plants (D:2)
26 creatures vanquished.

Grand Total: 31 creatures vanquished

Notes
Turn   | Place    | Note
-------+----------+-------------------------------------------
     0 | D:1      | Teletubby the Vampire Enchanter began the quest for the
                  | Orb.
     0 | D:1      | Reached XP level 1. HP: 13/13 MP: 3/3
    70 | D:2      | Upgraded the game from 0.28-a0-390-gb254ac4902 to
                  | 0.28-a0-422-gd71735cc25
   121 | D:3      | Found a glowing drain.
   257 | D:2      | Noticed Sigmund
   284 | D:2      | You fall into a shaft and drop 2 floors!
   296 | D:4      | Slain by an adder skeleton

Illustrated notes

Levels and vault maps discovered:
D:1:      amcnicky_arrival_flooded_fountain, layout_loops_ring, minmay_quantized
D:2:      layout_basic, kennysheep_boxes, uniq_sigmund
D:3:      layout_loops_ring, gup_sewer_entry_glass
D:4:      gammafunk_cloud_chamber, layout_basic

Action                   || total
-------------------------++-------
Melee: Dagger            ||    23
       Bite              ||     2
Armor: Robe              ||    12
Dodge: Dodged            ||    36

Table legend: (Time is in decaauts)
 A = Elapsed time spent in this place.
 B = Non-inter-level travel time spent in this place.
 C = Inter-level travel time spent in this place.
 D = Time resting spent in this place.
 E = Time spent auto-exploring this place.
 F = Levels seen in this place.
 G = Mean time per level.
                   A        B        C        D        E       F      G
               +--------+--------+--------+--------+--------+-----+--------+
         Total |    289 |    146 |    143 |      0 |      0 |   4 |   72.2 |
       Dungeon |    289 |    146 |    143 |      0 |      0 |   4 |   72.2 |
               +--------+--------+--------+--------+--------+-----+--------+

Top non-repeatable levels by time:
     D:2: 149 daAuts
     D:3: 91 daAuts
     D:1: 39 daAuts
     D:4: 10 daAuts
